[Event "Early-Titled-Tuesday-Blitz-February-27-2024"]
[Site "Chess.com"]
[Date "2024.02.27"]
[Round "7"]
[White "Ati1517"]
[Black "dianamirza"]
[Result "1-0"]
[WhiteElo "2222"]
[BlackElo "1983"]
[TimeControl "180+1"]
[EndTime "9:16:22 PST"]
[Termination "Ati1517 won by resignation"]

1. e4 e5 2. Nf3 d6 3. d4 exd4 4. Nxd4 Nf6 5. Nc3 g6 6. Bc4 Bg7 7. O-O O-O 8. f3 a6 9. Be3 b5 10. Be2 Bb7 11. a4 b4 12. Na2 a5 13. c3 c5 14. Nb5 Ne8 15. Bc4 Nc6 16. f4 Qe7 17. Qd3 Rd8 18. Rad1 Nf6 19. Nxd6 Ne8 20. e5 Nxe5 21. fxe5 Bxe5 22. Rxf7 Rxf7 23. Bxf7+ Qxf7 24. Nxf7 Rxd3 25. Nh6+ Kg7 26. Rxd3 Nf6 27. Bxc5 Kxh6 28. cxb4 axb4 29. Nxb4 Bxb2 30. a5 Ne4 31. Be3+ g5 32. a6 Bxa6 33. Nxa6 Bf6 34. Nc5 Nxc5 35. Bxc5 Bg7 36.
Be3 Bf6 37. h4 Kg6 38. hxg5 Bxg5 39. Bxg5 Kxg5 40. Rg3+ Kh4 41. Rh3+ 1-0

[Event "Early-Titled-Tuesday-Blitz-February-27-2024"]
[Site "Chess.com"]
[Date "2024.02.27"]
[Round "7"]
[White "Makswolf200817"]
[Black "dosto07"]
[Result "1-0"]
[WhiteElo "2733"]
[BlackElo "2499"]
[TimeControl "180+1"]
[EndTime "9:16:24 PST"]
[Termination "Makswolf200817 won by resignation"]

1. d4 d5 2. c4 dxc4 3. Nf3 Nf6 4. e3 e6 5. Bxc4 c5 6. O-O a6 7. Nbd2 Nc6 8. dxc5 Bxc5 9. a3 b5 10. Be2 Bb7 11.
b4 Bd6 12. Bb2 O-O 13. Rc1 Qb8 14. h3 Ne5 15. Nb3 Nxf3+ 16. Bxf3 Bh2+ 17. Kh1 Bxf3 18. Qxf3 Be5 19. Bd4 Nd5 20. Rc5 Qd6 21. Bxe5 Qxe5 22. e4 Qb2 23. exd5 exd5 24. Rxd5 Qxa3 25. Rd4 Rac8 26. Nc5 Qb2 27. Rfd1 h6 28. Nxa6 Rc4 29. Rd8 Rc8 30. Rxf8+ Kxf8 31. Qf5 Re8 32. Rd7 Qc1+ 33. Kh2 Re7 34. Rd8+ Re8 35. Rxe8+ Kxe8 36. Qxb5+ Ke7 37. Qc5+ Qxc5 38. Nxc5 Kd6 39. Nd3 Kd5 40. Kg3 Kc4 41. Kf4 g5+ 42. Kf5 Kxd3 43. b5 Ke2 44. b6 Kxf2 45.
g4 Kg3 46. b7 Kxh3 47. b8=Q Kh4 48. Qh8 1-0

[Event "Early-Titled-Tuesday-Blitz-February-27-2024"]
[Site "Chess.com"]
[Date "2024.02.27"]
[Round "7"]
[White "Kostya0705"]
[Black "KhazhatulyAlikhan"]
[Result "0-1"]
[WhiteElo "2566"]
[BlackElo "2446"]
[TimeControl "180+1"]
[EndTime "9:16:24 PST"]
[Termination "KhazhatulyAlikhan won by resignation"]

1. e4 c5 2. Nf3 e6 3. d3 d5 4. e5 Nc6 5. g3 Nge7 6. Bg2 Ng6 7. Qe2 Qc7 8. O-O Ngxe5 9. Nxe5 Qxe5 10. Qd1 Qc7 11. f4 Be7 12. Nc3 O-O 13. Bd2 Bd7 14.
Kh1 Rad8 15. Qh5 Bf6 16. Rae1 Nd4 17. Qd1 b5 18. g4 b4 19. Nb1 g6 20. Be3 Bc6 21.
Nd2 Nb5 22. Qc1 d4 23. Bg1 Bxg2+ 24. Kxg2 Qc6+ 25. Ne4 Bg7 26. f5 exf5 27. gxf5 Nd6 28. f6 Nxe4 29. fxg7 Nf6+ 30. Kh3 Rfe8 31. Rxe8+ Rxe8 32. Qf4 Kxg7 33. Bf2 Nd5 34. Qf3 Qe6+ 35. Kg2 Ne3+ 36.
Bxe3 dxe3 37. Re1 Qe5 38. b3 Re6 39. Re2 Qg5+ 40. Kh3 h5 41. Rg2 Qxg2+ 0-1

[Event "Early-Titled-Tuesday-Blitz-February-27-2024"]
[Site "Chess.com"]
[Date "2024.02.27"]
[Round "7"]
[White "ValeriyGrinev"]
[Black "esrosenberg"]
[Result "1-0"]
[WhiteElo "2581"]
[BlackElo "2429"]
[TimeControl "180+1"]
[EndTime "9:16:24 PST"]
[Termination "ValeriyGrinev won by checkmate"]

1. d4 d5 2. c4 e6 3. Nc3 c5 4. cxd5 cxd4 5. Qa4+ Bd7 6. Qxd4 exd5 7. Qxd5 Nf6 8. Qb3 Na6 9. Bg5 Nc5 10. Qc2 Rc8 11. e3 h6 12. Bxf6 Qxf6 13. Rd1 Bc6 14. Nge2 Be7 15.
Nd4 O-O 16. Nxc6 Qxc6 17. Nd5 Bf6 18. Be2 Rfd8 19. Bf3 Qa6 20. Nxf6+ Qxf6 21. O-O b6 22. b4 Nd3 23. Qb1 Ne5 24. Be4 Rc4 25. Rxd8+ Qxd8 26. Rd1 Qc7 27. a3 g6 28. Bd5 Rg4 29. f4 Nc4 30.
Qe4 b5 31. Qe8+ Kg7 32. Bxf7 Qxf7 33. Rd7 Qxd7 34. Qxd7+ Kf6 35. Qxg4 Nxe3 36. Qh4+ Kf5 37. Qxh6 Nc4 38. Qg5+ Ke4 39. Qxb5 Nxa3 40. Qb7+ Kxf4 41. Qf7+ Kg5 42. g3 Nc2 43. Qf4+ Kh5 44. Qh4# 1-0

[Event "Early-Titled-Tuesday-Blitz-February-27-2024"]
[Site "Chess.com"]
[Date "2024.02.27"]
[Round "7"]
[White "Rosh1610"]
[Black "karinachess1"]
[Result "1-0"]
[WhiteElo "2431"]
[BlackElo "2606"]
[TimeControl "180+1"]
[EndTime "9:16:24 PST"]
[Termination "Rosh1610 won by resignation"]

1. e4 e5 2. Nf3 Nc6 3. Bb5 Nge7 4.
O-O Ng6 5. c3 a6 6. Ba4 d6 7. d4 b5 8. Bb3 Be7 9. dxe5 dxe5 10.
Qxd8+ Nxd8 11. a4 Bb7 12. Nbd2 O-O 13. Bc2 Ne6 14. Nb3 Nc5 15. Nxc5 Bxc5 16. b4 Bd6 17. Be3 Rfd8 18. Ra2 Nf8 19. Rfa1 Ne6 20. axb5 axb5 21. Rxa8 Rxa8 22. Rxa8+ Bxa8 23. Bd3 Bc6 24. Nd2 Kf8 25. f3 Bd7 26. Nb1 c5 27. bxc5 Bxc5 28. Kf2 Ke7 29. g3 Kd6 30. Bxc5+ Kxc5 31. Ke3 g5 32. Na3 b4 33.
cxb4+ Kxb4 34. Nc4 f6 35. Nb6 Bc6 36. Nd5+ Kc5 37. Nxf6 Nf8 38. Ng4 Kd6 39. Nh6 Be8 40.
Bc4 Ke7 41. Ng8+ Kd6 42. Nf6 Bg6 43. h4 gxh4 44. gxh4 Ne6 45. h5 Bf7 46. h6 Bg6 47. Bxe6 Kxe6 48. Nd5 Bh5 49. f4 exf4+ 50. Nxf4+ Kf6 51.
Nxh5+ Kg5 52. Nf4 Kxh6 53. e5 Kg7 54. e6 Kf6 55. Kf3 h6 56. Kg3 1-0

[Event "Early-Titled-Tuesday-Blitz-February-27-2024"]
[Site "Chess.com"]
[Date "2024.02.27"]
[Round "7"]
[White "BozeKat"]
[Black "AcostaPablo"]
[Result "0-1"]
[WhiteElo "2163"]
[BlackElo "2614"]
[TimeControl "180+1"]
[EndTime "9:16:24 PST"]
[Termination "AcostaPablo won on time"]

1. d4 Nf6 2. Bg5 Ne4 3. Bf4 c5 4. f3 Nf6 5. d5 d6 6. e4 g6 7. c4 Bg7 8. Nc3 O-O 9. Qc2 Na6 10. a3 Nc7 11. g4 h5 12. h3 a6 13. e5 dxe5 14. Bxe5 Nce8 15. O-O-O Nd6 16. Bd3 b5 17. cxb5 c4 18. Be4 Nfxe4 19. Bxg7 Kxg7 20. fxe4 Nxb5 21. Nxb5 axb5 22. gxh5 Qd6 23. Qc3+ f6 24. Nf3 Qf4+ 25. Nd2 b4 26. Qxb4 c3 27. Qxe7+ Rf7 28. h6+ Qxh6 29. Qb4 cxd2+ 30. Rxd2 Ba6 31. Kb1 Rb7 32. Qc3 Rc8 33.
Qxc8 Qxd2 0-1

[Event "Early-Titled-Tuesday-Blitz-February-27-2024"]
[Site "Chess.com"]
[Date "2024.02.27"]
[Round "7"]
[White "GMJustin"]
[Black "DeArron_Fox"]
[Result "0-1"]
[WhiteElo "2337"]
[BlackElo "2517"]
[TimeControl "180+1"]
[EndTime "9:16:24 PST"]
[Termination "DeArron_Fox won on time"]

1. e4 c5 2. f4 g6 3. Nf3 Bg7 4.
g3 Nc6 5. Bg2 e6 6. O-O Nge7 7.
c3 O-O 8. Kh1 b5 9. d4 b4 10.
dxc5 Ba6 11. Re1 Qa5 12. Be3 Rab8 13. cxb4 Qxb4 14. Nbd2 Qxb2 15. Nb3 Bc4 16. e5 Nb4 17. Bd4 Qa3 18. Rc1 Bxb3 19. Qxb3 Qxb3 20. axb3 Nd3 21.
Red1 Nxc1 22. Rxc1 Nc6 23. Bf2 Rxb3 24. Nd2 Rb2 25.
Be3 f6 26. Nc4 Rb3 27. Bf2 fxe5 28. Nd6 exf4 0-1

[Event "Early-Titled-Tuesday-Blitz-February-27-2024"]
[Site "Chess.com"]
[Date "2024.02.27"]
[Round "7"]
[White "AlexeiShirov"]
[Black "Rurep26"]
[Result "1-0"]
[WhiteElo "2866"]
[BlackElo "2710"]
[TimeControl "180+1"]
[EndTime "9:16:25 PST"]
[Termination "AlexeiShirov won on time"]

1. e4 e6 2. d4 d5 3. e5 c5 4. c3 Nc6 5. Nf3 Qb6 6. a3 Nh6 7.
b4 cxd4 8. Bxh6 gxh6 9. cxd4 Bg7 10. Nc3 f6 11. exf6 Bxf6 12. Bb5 O-O 13. Bxc6 Qxc6 14.
Rc1 Qa6 15. Ne2 Qxa3 16. O-O Qxb4 17. Nf4 Qd6 18. Qd2 Bd7 19. g3 Bg7 20. Rfe1 Rac8 21.
Rb1 Rc7 22. Ne5 Bc8 23. Nh5 Rf5 24. g4 Rf8 25. Kh1 Qe7 26. Rg1 Qg5 27. f4 Qh4 28. Nf3 Qd8 29. g5 Kh8 30. Nxg7 Rxg7 31. gxh6 Rxg1+ 32. Rxg1 Qf6 33. f5 Qxf5 34. Rg3 Bd7 35. Qb4 Qf6 36.
Qxb7 Rd8 37. Qc7 Qe7 38. Qe5+ 1-0

[Event "Early-Titled-Tuesday-Blitz-February-27-2024"]
[Site "Chess.com"]
[Date "2024.02.27"]
[Round "7"]
[White "dealshark"]
[Black "Statham_01"]
[Result "0-1"]
[WhiteElo "2382"]
[BlackElo "2559"]
[TimeControl "180+1"]
[EndTime "9:16:27 PST"]
[Termination "Statham_01 won by checkmate"]

1. Nf3 Nc6 2. d4 d5 3. c4 Bg4 4. Qb3 e6 5. Qxb7 Na5 6. Qb5+ c6 7. Qa4 Bxf3 8. exf3 Ne7 9. Bg5 dxc4 10. Bxc4 Qxd4 11. Bb3 Nxb3 12. Qxb3 Qe5+ 13. Be3 Rb8 14. Qc3 Qb5 15. b3 Nd5 16. Qc2 Bb4+ 17. Nd2 Rd8 18. a4 Qa6 19. O-O-O Nc3 20. Nc4 Nxd1 21. Rxd1 O-O 22.
Rxd8 Rxd8 23. Bg5 f6 24. Be3 c5 25. Qe4 Qc8 26. Kc2 Qd7 27. h4 Qd1+ 28. Kb2 Qe2+ 29. Nd2 Bxd2 30. Qxe6+ Kh8 31. Ka3 Bb4# 0-1

[Event "Early-Titled-Tuesday-Blitz-February-27-2024"]
[Site "Chess.com"]
[Date "2024.02.27"]
[Round "7"]
[White "Orest_Vovk"]
[Black "agvania123"]
[Result "0-1"]
[WhiteElo "2539"]
[BlackElo "2407"]
[TimeControl "180+1"]
[EndTime "9:16:27 PST"]
[Termination "agvania123 won by checkmate"]

1. e4 d5 2. Nc3 dxe4 3. Nxe4 Nf6 4. Qe2 Nxe4 5. Qxe4 Nd7 6. Nf3 Nf6 7. Qh4 e6 8. Be2 b6 9. d4 Bb7 10. Bg5 Be7 11.
O-O-O h6 12. Rhe1 O-O 13. Bd3 hxg5 14. Nxg5 Nh5 15. f4 Bxg5 16. fxg5 g6 17. g4 Nf4 18. Re3 Ng2 19. Qh6 Qxd4 20. Bxg6 Qg7 21. Rh3 Qxh6 22.
Rxh6 fxg6 23. Rxg6+ Kh7 24. Rh6+ Kg7 25. Rxe6 Rad8 26.
Rxd8 Rxd8 27. Re7+ Kg6 28. Rxc7 Bf3 29. b3 a5 30. Re7 Kxg5 31. Re6 Kxg4 32. Rxb6 Rd1+ 33.
Kb2 Rd2 34. Rb5 Be4 35. Rxa5 Rxc2+ 36. Ka3 Ne3 37. Kb4 Nd5+ 38. Kb5 Bd3+ 39. Ka4 Rxa2# 0-1

[Event "Early-Titled-Tuesday-Blitz-February-27-2024"]
[Site "Chess.com"]
[Date "2024.02.27"]
[Round "7"]
[White "tsaruk_maks"]
[Black "124chess"]
[Result "0-1"]
[WhiteElo "2735"]
[BlackElo "2551"]
[TimeControl "180+1"]
[EndTime "9:16:29 PST"]
[Termination "124chess won on time"]

1. d4 Nf6 2. c4 e6 3. Nf3 b6 4. g3 Bb7 5. Bg2 g6 6. O-O Bg7 7. Bg5 h6 8. Bxf6 Qxf6 9. Nc3 O-O 10.
e3 d6 11. Nd2 Bxg2 12. Kxg2 Nd7 13. Qf3 Qxf3+ 14. Kxf3 c5 15. Nb3 Rac8 16. Rac1 cxd4 17. exd4 Rxc4 18. Nb5 d5 19. Nd2 Rxc1 20. Rxc1 a6 21. Nd6 Bxd4 22. Rc7 Ne5+ 23. Ke2 Bxb2 24. f4 Ng4 25.
Nf3 Nf6 26. a4 Ba3 27. Nc8 Ne4 28. Nxb6 Rb8 29. a5 Bb4 30. Rd7 Bxa5 31. Na4 Rb4 32. Ne5 Rxa4 33. Nxf7 h5 34. Ne5 Ra2+ 35. Kd1 Bc3 0-1

[Event "Early-Titled-Tuesday-Blitz-February-27-2024"]
[Site "Chess.com"]
[Date "2024.02.27"]
[Round "7"]
[White "Kimkibo"]
[Black "Herman-NY"]
[Result "0-1"]
[WhiteElo "2182"]
[BlackElo "2530"]
[TimeControl "180+1"]
[EndTime "9:16:29 PST"]
[Termination "Herman-NY won on time"]

1. d4 Nf6 2. c4 g6 3. Nc3 Bg7 4. e4 d6 5. Be2 O-O 6. g4 c5 7. d5 Nbd7 8. g5 Nh5 9. Bxh5 gxh5 10.
Qxh5 Ne5 11. Qe2 Bg4 12. f3 Bh5 13. Bf4 Qa5 14. Bxe5 Bxe5 15. Qd2 a6 16. f4 Bd4 17. Nge2 Bxe2 18. Nxe2 Qxd2+ 19. Kxd2 Bxb2 20. Rab1 Ba3 21.
Rxb7 Rfb8 22. Rxe7 Rb2+ 23. Ke3 Rxa2 24. f5 Bb2 25. g6 Be5 26. Rxf7 Rb8 27. Re7 Rb3+ 28. Kf2 Rbb2 29. gxh7+ Kh8 30. Re1 Bc3 31. Rf1 Rxe2+ 32.
Kf3 Bd4 33. f6 Bxf6 34. Rd7 Be5 0-1

[Event "Early-Titled-Tuesday-Blitz-February-27-2024"]
[Site "Chess.com"]
[Date "2024.02.27"]
[Round "7"]
[White "orkinyo12345"]
[Black "Alexei_Gubajdullin"]
[Result "0-1"]
[WhiteElo "2478"]
[BlackElo "2646"]
[TimeControl "180+1"]
[EndTime "9:16:30 PST"]
[Termination "Alexei_Gubajdullin won on time"]

1. d4 Nf6 2. c4 g6 3. g3 Bg7 4. Bg2 O-O 5. Nc3 d6 6. Nf3 Nbd7 7. O-O e5 8. e4 c6 9. Be3 Re8 10. h3 a5 11. Re1 a4 12. Qc2 Qa5 13. Rad1 exd4 14.
Nxd4 Nc5 15. Bf4 Nfd7 16. Bxd6 Ne5 17. Bf1 Rd8 18. Bxe5 Bxe5 19. Nf3 Bg7 20. Rxd8+ Qxd8 21. e5 Bf5 22. Qe2 Qa5 23. Qe3 Rd8 24. g4 Bd3 25. Rd1 Bxf1 26. Rxd8+ Qxd8 27. Kxf1 Bf8 28. Ke2 Qb6 29.
Qd2 Qb4 30. Kf1 Qxc4+ 31. Kg2 b5 32. Ne2 Qxa2 33. Nf4 Qc4 34. Ng5 Ne4 0-1

[Event "Early-Titled-Tuesday-Blitz-February-27-2024"]
[Site "Chess.com"]
[Date "2024.02.27"]
[Round "7"]
[White "ikhasu"]
[Black "Barbix1"]
[Result "1-0"]
[WhiteElo "2448"]
[BlackElo "2282"]
[TimeControl "180+1"]
[EndTime "9:16:30 PST"]
[Termination "ikhasu won by checkmate"]

1. e4 c5 2. Nc3 Nc6 3. f4 g6 4.
Nf3 Bg7 5. Bc4 e6 6. O-O d6 7. d4 Nxd4 8. Nxd4 Bxd4+ 9. Kh1 Ne7 10. Nb5 d5 11. exd5 exd5 12. Nxd4 dxc4 13. Nb5 Qxd1 14. Rxd1 O-O 15. Be3 b6 16. Bf2 a6 17. Nd6 Be6 18.
Re1 Rfd8 19. Nxc4 Bxc4 20. Rxe7 Rd2 21. Be1 Rxc2 22. Bc3 Bd5 23. Rg1 h5 24. a3 Rd8 25.
h4 b5 26. Kh2 Kh7 27. Kg3 Bc4 28. Rge1 Rd3+ 29. R1e3 Rxe3+ 30. Rxe3 Bd5 31. Re8 Rxg2+ 32.
Kh3 g5 33. hxg5 Kg6 34. Rd8 Be4 35. Rd6+ Kh7 36. Rh6+ Kg8 37. Rh8# 1-0

[Event "Early-Titled-Tuesday-Blitz-February-27-2024"]
[Site "Chess.com"]
[Date "2024.02.27"]
[Round "7"]
[White "BallottiLuca"]
[Black "Austen48"]
[Result "0-1"]
[WhiteElo "2397"]
[BlackElo "2264"]
[TimeControl "180+1"]
[EndTime "9:16:30 PST"]
[Termination "Austen48 won on time"]

1. d4 Nf6 2. c4 e6 3. Nc3 Bb4 4.
Qc2 O-O 5. a3 Bxc3+ 6. Qxc3 d5 7. Nf3 dxc4 8. Qxc4 b6 9. Bg5 Ba6 10. Qa4 h6 11. Bh4 Qd7 12. Qc2 c5 13. dxc5 bxc5 14.
Bxf6 gxf6 15. e3 Bxf1 16. Kxf1 Rc8 17. Qc4 Nc6 18. g3 Rab8 19. b3 Na5 20. Qg4+ Kh8 21. b4 cxb4 22. axb4 Nb3 23. Rb1 Qd5 24. Kg2 Rc4 25. Qh3 Nd2 26. Qxh6+ Kg8 27. e4 Nxe4 28. Rhd1 Qf5 29. Qe3 Nc3 30. Rdc1 a5 31. Rb3 Nd5 32. Qa7 Rbxb4 33. Rxb4 Rxb4 34. Rc8+ Kg7 35. Qa8 Ne3+ 36. fxe3 Rb2+ 37. Kg1 Qb1+ 0-1

[Event "Early-Titled-Tuesday-Blitz-February-27-2024"]
[Site "Chess.com"]
[Date "2024.02.27"]
[Round "7"]
[White "Mikhail_Bryakin"]
[Black "xasid81"]
[Result "1-0"]
[WhiteElo "2754"]
[BlackElo "2548"]
[TimeControl "180+1"]
[EndTime "9:16:32 PST"]
[Termination "Mikhail_Bryakin won by resignation"]

1. e4 c6 2. c4 d5 3. exd5 cxd5 4.
d4 Nf6 5. Nf3 e6 6. Nc3 Be7 7.
Bg5 dxc4 8. Bxc4 h6 9. Bh4 Nc6 10. O-O O-O 11. a3 b6 12. Qd3 Nd5 13. Bg3 Bf6 14.
Nxd5 exd5 15. Ba2 g6 16. Ne5 Ne7 17. Rac1 a5 18. Rfe1 Be6 19. Bf4 Bg7 20. h3 Rc8 21. Qd2 Kh7 22. Bb1 Nf5 23. g4 Nd6 24. Nxg6 fxg6 25. Rxe6 Ne4 26. Bxe4 dxe4 27. Rxc8 Qxc8 28. Rxe4 Qc4 29. Re7 g5 30. Be5 Rf7 31. Rxf7 Qxf7 32.
Qc2+ Kh8 33. Qc8+ Kh7 34. Qf5+ Qxf5 35. gxf5 Bf8 36. d5 Kg8 37. f4 gxf4 38. Bxf4 Kf7 39. Be5 b5 40. Kg2 a4 41. Kf3 b4 42. axb4 Bxb4 43. Ke4 h5 44. d6 Ke8 45. Kd5 Kd7 46. f6 Bd2 47. f7 Bh6 48. Bf6 Bf8 49. Bg5 Bxd6 50. Bh6 a3 51. bxa3 Bxa3 52. f8=Q Bxf8 53. Bxf8 Ke8 54. Bb4 Kf7 55. Ke5 Kg6 56. Kf4 Kh6 57. Kf5 Kh7 58. Kg5 h4 59. Kxh4 1-0

[Event "Early-Titled-Tuesday-Blitz-February-27-2024"]
[Site "Chess.com"]
[Date "2024.02.27"]
[Round "7"]
[White "campochess"]
[Black "TheAlienParty"]
[Result "1-0"]
[WhiteElo "2200"]
[BlackElo "2388"]
[TimeControl "180+1"]
[EndTime "9:16:32 PST"]
[Termination "campochess won by checkmate"]

1. Nf3 d5 2. c4 c6 3. cxd5 cxd5 4. d4 Nc6 5. Nc3 g6 6. Ne5 f6 7. Nxc6 bxc6 8. e3 Bg7 9. Bd3 Nh6 10. O-O O-O 11.
e4 e5 12. exd5 exd4 13. Ne4 Qxd5 14. Qc2 Be6 15. b3 Nf5 16. Ba3 Rfe8 17. Nc5 Bf7 18.
Rad1 Nd6 19. Rfe1 f5 20. Nd7 Rad8 21. Rxe8+ Nxe8 22. Nc5 Nf6 23. Bc4 Qe5 24. Bxf7+ Kxf7 25. Qc4+ Qd5 26. Qa6 Ng4 27. Qxa7+ Kg8 28. Qe7 Be5 29.
Ne6 Qd7 30. Nxd8 Qxe7 31. Bxe7 Bxh2+ 32. Kf1 Ne5 33. Bd6 g5 34. Rxd4 h5 35. Bxe5 Bxe5 36.
Rd7 Kf8 37. Nxc6 Bc3 38. a4 h4 39. Rd3 Bf6 40. a5 Ke8 41. a6 g4 42. a7 f4 43. a8=Q+ Kf7 44. Qb7+ Kg6 45. Rd7 h3 46. gxh3 gxh3 47. Nd4 h2 48. Qg2+ Bg5 49. Nf3 h1=Q+ 50. Qxh1 Kf5 51. Nxg5 Kg4 52. Rd5 f3 53. Qxf3+ Kh4 54.
Qg3+ Kh5 55. Nf7# 1-0

[Event "Early-Titled-Tuesday-Blitz-February-27-2024"]
[Site "Chess.com"]
[Date "2024.02.27"]
[Round "7"]
[White "Lukianoo"]
[Black "RandomNoob04"]
[Result "1-0"]
[WhiteElo "2843"]
[BlackElo "2631"]
[TimeControl "180+1"]
[EndTime "9:16:33 PST"]
[Termination "Lukianoo won by resignation"]

1. e4 e5 2. d4 exd4 3. Qxd4 Nc6 4. Qe3 g6 5. Nc3 Bg7 6. Bd2 Nf6 7. O-O-O O-O 8. Bc4 Re8 9. a3 d5 10. Bxd5 Nxd5 11.
Nxd5 Be6 12. Bc3 Bxd5 13. Rxd5 Qh4 14. Bxg7 Kxg7 15. f3 Ne7 16. Rd1 Kg8 17. Ne2 Nf5 18.
Qc3 Qg5+ 19. Kb1 Qxg2 20. Nf4 Qg5 21. Nd5 Ng7 22. Nf6+ Kh8 23. h4 Qf4 24. Nxe8 Rxe8 25. h5 Kg8 26. hxg6 fxg6 27. Rd7 Qe5 28. Qxc7 Qxc7 29.
Rxc7 h5 30. Rxb7 Rf8 31. c4 Rxf3 32. c5 Rf6 33. b4 a6 34. a4 Rf4 35. c6 Ne6 36. b5 axb5 37. a5 Rxe4 38. a6 Rb4+ 39. Kc1 Rc4+ 40. Kd2 Rxc6 41. a7 Ra6 42. Rc1 h4 43. Rc8+ Nf8 44. a8=Q Rxa8 45. Rxa8 h3 46. Ke3 h2 47. Rxf8+ Kxf8 48. Rh7 b4 49. Rxh2 Ke7 50. Rb2 Kf6 51. Rxb4 Kg5 52. Kf3 Kh5 53. Kg3 1-0

[Event "Early-Titled-Tuesday-Blitz-February-27-2024"]
[Site "Chess.com"]
[Date "2024.02.27"]
[Round "7"]
[White "manitodeplomo"]
[Black "Brahianzevich"]
[Result "0-1"]
[WhiteElo "2637"]
[BlackElo "2510"]
[TimeControl "180+1"]
[EndTime "9:16:33 PST"]
[Termination "Brahianzevich won on time"]

1. d4 d5 2. c4 e6 3. Nf3 Nf6 4. Nc3 Bb4 5. Qa4+ Nc6 6. e3 O-O 7. Bd2 dxc4 8. Bxc4 a6 9. O-O Bd6 10. h3 e5 11. Qc2 exd4 12. exd4 b5 13. Bb3 Nb4 14.
Qd1 Bb7 15. Bg5 h6 16. Bh4 Re8 17. d5 g5 18. Nxg5 hxg5 19. Bxg5 Re5 20. f4 Bc5+ 21. Kh1 Re3 22. a3 Nbxd5 23. Bxd5 Bxd5 24. Nxd5 Qxd5 25. Qxd5 Nxd5 26. f5 Re2 27. f6 Bd6 28. Rf5 Nb6 29.
Raf1 Rae8 30. Bh6 Kh7 31. Bg7 Re1 32. Rh5+ Kg6 33. Rg5+ Kxg5 0-1

[Event "Early-Titled-Tuesday-Blitz-February-27-2024"]
[Site "Chess.com"]
[Date "2024.02.27"]
[Round "7"]
[White "Binary010"]
[Black "FREDERICKtheMATE"]
[Result "1/2-1/2"]
[WhiteElo "2853"]
[BlackElo "2686"]
[TimeControl "180+1"]
[EndTime "9:16:34 PST"]
[Termination "Game drawn - insufficient material"]

1. e4 c5 2. Nf3 Nc6 3. d4 cxd4 4.
Nxd4 Nf6 5. Nc3 e5 6. Ndb5 d6 7. Bg5 a6 8. Na3 b5 9. Nab1 Be7 10. Bxf6 Bxf6 11. a4 b4 12. Nd5 Bg5 13. Bc4 O-O 14.
O-O Kh8 15. c3 Rb8 16. cxb4 Nxb4 17. b3 f5 18. Nbc3 a5 19. Nxb4 axb4 20. Nb5 fxe4 21.
Nxd6 Qe7 22. Nxe4 Bf4 23. Qe2 Bb7 24. Rfe1 Rbd8 25. g3 Bh6 26. Rad1 Rd4 27. Rxd4 exd4 28. Bd3 Bd5 29. Qc2 Qf7 30. Bc4 Bxc4 31. bxc4 Qf3 32. Qe2 Qxe2 33. Rxe2 d3 34. Rb2 Rd8 35. Rxb4 d2 36.
Nxd2 Bxd2 37. Rb5 h6 38. Rd5 Rxd5 39. cxd5 Kg8 40. Kf1 Kf7 41. Ke2 Ba5 42. Kd3 Ke7 43. Ke4 Kd6 44. f4 Bd2 45. g4 Ba5 46. h4 Be1 47. h5 Bd2 48. Kf5 Kxd5 49. g5 hxg5 50. fxg5 Kd6 51. Kg6 Kc6 52. a5 Kb5 53. h6 gxh6 54.
gxh6 Bxh6 55. Kxh6 Kxa5 1/2-1/2

[Event "Early-Titled-Tuesday-Blitz-February-27-2024"]
[Site "Chess.com"]
[Date "2024.02.27"]
[Round "7"]
[White "nicolasbatista3"]
[Black "Kunalm64"]
[Result "0-1"]
[WhiteElo "2416"]
[BlackElo "2582"]
[TimeControl "180+1"]
[EndTime "9:16:35 PST"]
[Termination "Kunalm64 won by resignation"]

1. d4 Nf6 2. c4 e6 3. Nc3 Bb4 4. f3 d5 5. a3 Bxc3+ 6. bxc3 c5 7. cxd5 exd5 8. e3 Qc7 9. Ne2 O-O 10. g4 Re8 11. Bg2 Nc6 12. O-O Na5 13. Nf4 h6 14.
h4 Nc4 15. g5 Nxe3 16. Bxe3 Rxe3 17. Nd3 hxg5 18. hxg5 Nh5 19. Qd2 cxd4 20. cxd4 Re8 21. Ne5 Bf5 22. Rac1 Qd6 23. Rfe1 Rac8 24. a4 f6 25.
gxf6 Qxf6 26. Rxc8 Rxc8 27. Qa5 Nf4 28. Ng4 Qxd4+ 29.
Kh1 Qb6 30. Qd2 Qd6 31. Re5 Nxg2 32. Rxd5 Qg3 33. Qxg2 Rc1+ 34. Rd1 Rxd1+ 0-1

[Event "Early-Titled-Tuesday-Blitz-February-27-2024"]
[Site "Chess.com"]
[Date "2024.02.27"]
[Round "7"]
[White "the_blue_pill"]
[Black "Kotlyar_K"]
[Result "0-1"]
[WhiteElo "2411"]
[BlackElo "2576"]
[TimeControl "180+1"]
[EndTime "9:16:35 PST"]
[Termination "Kotlyar_K won on time"]

1. Nf3 Nf6 2. c4 e6 3. Nc3 d5 4. e3 c5 5. cxd5 exd5 6. d4 a6 7. Be2 Nc6 8. O-O c4 9. b3 Bb4 10. Bd2 cxb3 11. Qxb3 O-O 12. Rfc1 Re8 13. Ne5 Bd6 14.
Nxc6 bxc6 15. Qc2 Ng4 16. h3 Nxf2 17. Kxf2 Qh4+ 18. Kf1 Bxh3 19. Bf3 Be6 20. Be1 Qh1+ 21. Ke2 Qh6 22. Bf2 Qf6 23. Rh1 Bf5 24. Qd2 Rab8 25. Kf1 Ba3 26. Na4 Rb4 27. Qd1 Qg6 28. Kg1 Be4 29.
Bxe4 Qxe4 30. Nc3 Qg6 0-1

[Event "Early-Titled-Tuesday-Blitz-February-27-2024"]
[Site "Chess.com"]
[Date "2024.02.27"]
[Round "7"]
[White "Msb2"]
[Black "MessiKingdom"]
[Result "0-1"]
[WhiteElo "3016"]
[BlackElo "2669"]
[TimeControl "180+1"]
[EndTime "9:16:36 PST"]
[Termination "MessiKingdom won by checkmate"]

1. d4 Nf6 2. c4 g6 3. Nc3 Bg7 4. e4 O-O 5. Nf3 d6 6. Be2 Nbd7 7. Be3 e5 8. O-O Qe7 9. Qc2 c6 10. Rad1 Re8 11. d5 c5 12. Ne1 h6 13. Nd3 Nh7 14. b4 b6 15. Nb5 Rf8 16. a3 a6 17. Nc3 f5 18. exf5 gxf5 19. f4 e4 20. Nf2 Kh8 21.
h3 Rg8 22. Kh2 Bd4 23. Rxd4 Qg7 24. g4 cxd4 25. Ncd1 dxe3 26. Nxe3 Ndf6 27. Rg1 fxg4 28.
hxg4 Bd7 29. Nh3 Raf8 30. Qd2 h5 31. g5 Bxh3 32. Kxh3 Ng4 33. Nxg4 hxg4+ 34. Rxg4 Re8 35. Qe3 Qa1 36. Rh4 Kg7 37. Qxb6 Qc3+ 38. Kg2 Qd2 39. Qc7+ Kf8 40. Qxd6+ Re7 41. Qd8+ Re8 42. Qd6+ Re7 43. Kf1 Qc1+ 44. Kf2 Rg7 45. g6 e3+ 46. Kf3 Qg1 47. Qd8+ Re8 48. Qd6+ Kg8 49. gxh7+ Kh8 50. Qe6 Qf2+ 51.
Ke4 Rxe6+ 52. dxe6 Qxe2 53. Ke5 Qxc4 54. Rh1 e2 55. f5 Qc3+ 56. Kd6 e1=Q 57. Rxe1 Qxe1 58. f6 Rg6 59. Ke7 Qe5 60. Kd7 Rxf6 61. e7 Qe6+ 62.
Kd8 Qd6+ 63. Ke8 Re6 64. b5 Qxe7# 0-1

[Event "Early-Titled-Tuesday-Blitz-February-27-2024"]
[Site "Chess.com"]
[Date "2024.02.27"]
[Round "7"]
[White "Polish_fighter3000"]
[Black "Beca95"]
[Result "1-0"]
[WhiteElo "3079"]
[BlackElo "2906"]
[TimeControl "180+1"]
[EndTime "9:16:36 PST"]
[Termination "Polish_fighter3000 won by resignation"]

1. e4 c5 2. Nf3 d6 3. d4 cxd4 4. Nxd4 Nf6 5. Nc3 a6 6. Bg5 Nbd7 7. Bc4 Qb6 8. Bb3 e6 9. Qd2 h6 10. Bxf6 Nxf6 11. O-O-O g5 12. h4 Rg8 13. hxg5 hxg5 14.
g3 g4 15. Qf4 Be7 16. e5 Nd7 17. Bxe6 fxe6 18. Nxe6 Nxe5 19. Nd5 Qa5 20. Ndc7+ Kd7 21.
Rh7 Qxa2 22. Rxd6+ Kxd6 23. Qd4+ Kc6 24. Qxe5 Qa1+ 25.
Kd2 Bb4+ 26. Kd3 Qf1+ 27. Kd4 Qxf2+ 28. Kc4 Bd6 29. Nd4+ Qxd4+ 30. Qxd4 b5+ 31. Kb3 Bxc7 32. Qe4+ Kb6 33. Qd4+ Kb7 34. Qd5+ Kb8 35. Qxg8 Ra7 36. Rh8 Kb7 37. Qxc8+ Kb6 38. Rh6+ Ka5 39. Qf5 1-0

[Event "Early-Titled-Tuesday-Blitz-February-27-2024"]
[Site "Chess.com"]
[Date "2024.02.27"]
[Round "7"]
[White "PLAYER_2006_M"]
[Black "stollenmonster"]
[Result "1-0"]
[WhiteElo "3017"]
[BlackElo "2882"]
[TimeControl "180+1"]
[EndTime "9:16:37 PST"]
[Termination "PLAYER_2006_M won by resignation"]

1. e4 c5 2. Nf3 Nf6 3. Nc3 d5 4. e5 Ne4 5. Bb5+ Nc6 6. d3 Nxc3 7. bxc3 Qa5 8. Bxc6+ bxc6 9. Bd2 Bg4 10. h3 Bxf3 11. Qxf3 e6 12. O-O Rb8 13. Rfb1 Rb6 14. Qe3 Be7 15.
c4 Qa4 16. cxd5 cxd5 17. Qg3 g5 18. Rb3 c4 19. dxc4 dxc4 20. Rxb6 axb6 21. c3 Qc2 22.
Qe3 h6 23. Be1 Bc5 24. Qf3 O-O 25. Rd1 Qxa2 26. h4 Qc2 27. h5 Qf5 28. Qxf5 exf5 29.
Kf1 Re8 30. Rd5 f6 31. exf6 Kf7 32. Rxf5 Re6 33. f3 Rxf6 34. Rxf6+ Kxf6 35. Ke2 g4 36. fxg4 Kg5 37. Kf3 Kf6 38. Bd2 Kg7 39. g5 hxg5 40.
Bxg5 b5 41. Bd2 Be7 42. g4 1-0